 Dungeon Crawl Stone Soup version 0.17.2-1-ge4368a0 (webtiles) character file.

3461 Rottenbandages the Martial Artist (level 9, -2/74 HPs)
             Began as a Mummy Monk on Oct 30, 2017.
             Slain by an orc warrior
             ... wielding a +2 scimitar of slicing
              (3 damage)
             ... on level 8 of the Dungeon.
             The game lasted 00:33:11 (17527 turns).

Rottenbandages the Martial Artist (Mummy Monk)     Turns: 17527, Time: 00:33:11

Health: -2/74      AC:  8    Str: 15    XL:     9   Next: 78%
Magic:  9/9        EV: 17    Int:  9    God:
Gold:   529        SH:  0    Dex: 17    Spells: 0 memorised, 8 levels left

rFire  x . .     SeeInvis .       - Unarmed
rCold  + . .     Clarity  .     (no armour)
rNeg   + + +     SustAt   .     (no shield)
rPois  ∞         Gourm    .     m - +1 helmet
rElec  .         Spirit   .     e - +2 cloak
rCorr  .         Warding  .     (no gloves)
rMut   .         Stasis   .     g - +2 pair of boots
MR     +....                    (no amulet)
Stlth  ++........               (no ring)
                                (no ring)

@: somewhat resistant to hostile enchantments, unstealthy
A: no food or potions, fire vulnerability, cold resistance 1, negative energy
resistance 3, torment resistance, unbreathing
a: no special abilities


You were on level 8 of the Dungeon.
You were not hungry.

You visited 1 branch of the dungeon, and saw 8 of its levels.

You collected 577 gold pieces.
You spent 48 gold pieces at shops.


Innate Abilities, Weirdness & Mutations

You do not eat or drink.
Your flesh is vulnerable to fire.
You are immune to poison.
Your flesh is cold resistant.
You are immune to negative energy.
You are immune to unholy pain and torment.
You can survive without breathing.


   Skills:
 - Level 8.0 Fighting
 - Level 6.9 Dodging
 - Level 1.5 Stealth
 + Level 8.4 Unarmed Combat


You had 8 spell levels left.
You didn't know any spells.

Inventory:

Armour
 e - a +2 cloak (worn)
 g - a +2 pair of boots (worn)
 j - a +0 buckler (quivered)
 m - a +1 helmet (worn)
Jewellery
 l - an uncursed amulet of clarity {unknown}
 o - an uncursed amulet of resist corrosion {unknown}
 q - an uncursed ring of ice
Scrolls
 a - 3 scrolls of enchant weapon
 b - a scroll of amnesia {unknown}
 c - 2 scrolls of remove curse
 d - 3 scrolls of fear
 f - 5 scrolls of random uselessness
 h - a scroll of recharging {unknown}
 i - 2 scrolls of teleportation {@r4}
 k - a scroll of magic mapping
 p - 2 scrolls of noise {!r}
 r - 3 scrolls of blinking
 s - a scroll of fog {unknown}

Dungeon Overview and Level Annotations

Branches:
Dungeon (8/15)             Temple (0/1) D:6
   Lair: D:8-11

Altars:
Yredelemnul

Shops:
D:6 *

Annotations:
D:4 WarPlate
D:5 Warplate triton

▒ ▒▒.▒▒..▒.▒ ▒.▒.<.▒▒.▒
▒▒▒▒▒.▒.....▒ ▒........▒
........▒▒..▒ ▒▒▒......▒▒▒
...▒▒.▒▒▒▒..▒▒ ▒........▒▒
▒▒.▒▒.▒▒▒▒..(▒▒▒▒▒.........▒
......[......(.▒...........▒
▒▒▒.▒.▒▒▒▒.▒▒▒.......▒▒....▒
▒▒▒....▒ ▒.▒...▒.o.▒.......▒
.....▒.▒▒▒[..▒▒▒M▒.▒▒▒▒....▒
▒▒▒.........▒▒▒▒(▒o.▒ ▒....▒
▒............▒(▒▒.▒ ▒▒>!▒▒
▒▒▒▒..▒....▒▒▒...▒▒.▒▒ ▒▒▒▒
......▒▒▒.▒▒ ▒.▒.▒▒..▒▒▒▒
▒▒▒▒▒..▒▒.▒ ▒▒.▒........▒▒
.......▒▒.▒ ▒...▒........▒
▒▒▒▒▒..▒▒.▒▒▒...▒▒......▒▒
▒▒......▒...▒▒▒▒▒▒▒▒▒


You could see an orc warrior.


Message History

You closely miss the orc warrior!
The orc warrior is moderately wounded!
You pulverise the orc warrior!
The orc warrior is moderately wounded!
The orc warrior hits you with a scimitar of slicing!!!!!!
You take 23 damage, and have 51/74 hp!
MASSIVE DAMAGE!!!!!!
You pummel the orc warrior like a punching bag!
The orc warrior is heavily wounded!
The orc warrior closely misses you!
You closely miss the orc warrior!
The orc warrior is heavily wounded!
You beat the orc warrior but do no damage!
The orc warrior is heavily wounded!
The orc warrior barely misses you!
You beat the orc warrior into a bloody pulp!!!
The orc warrior is almost dead!
The orc warrior hits you with a scimitar of slicing!!!
You take 10 damage, and have 42/74 hp!
You barely miss the orc warrior!
The orc warrior is almost dead!
The orc warrior hits you with a scimitar of slicing!!! * * * don't die * * * x2
You take 21 damage, and have 21/74 hp!
MASSIVE DAMAGE!!!!!!
You pummel the orc warrior but do no damage!
The orc warrior is almost dead!
You pummel the orc warrior but do no damage!
The orc warrior is almost dead!
The orc warrior hits you with a scimitar of slicing!!!!!! * * * don't die * * * rip

Action                   |  1- 3 |  4- 6 |  7- 9 || total
-------------------------+-------+-------+-------++-------
Melee: Unarmed           |   180 |   270 |   749 ||  1199
  Use: Scroll            |       |     1 |    13 ||    14
 Stab: Sleeping          |     3 |     5 |     5 ||    13
       Distracted        |       |     1 |       ||     1

Vault maps used:
D:1:      dpeg_arrival_renting, minmay_distorted
D:2:      grunt_ministairs_6
D:3:      first_bread, dk_yredelemnul_ordeal, uniq_grinder
D:4:      uniq_robin
D:5:      uniq_pikel
D:6:      minmay_temple_entry_nine_rooms, serial_shops, shop_fountains,
          hangedman_abyss_or_decor_slice

Notes
Turn   | Place    | Note
--------------------------------------------------------------
     0 | D:1      | Rottenbandages the Mummy Monk began the quest for the Orb.
     0 | D:1      | Reached XP level 1. HP: 18/18 MP: 1/1
   288 | D:1      | Reached XP level 2. HP: 20/24 MP: 2/2
   871 | D:1      | Reached skill level 4 in Unarmed Combat
  1473 | D:1      | Reached XP level 3. HP: 29/29 MP: 3/3
  3014 | D:3      | Reached XP level 4. HP: 24/35 MP: 4/4
  3392 | D:3      | Noticed Grinder
  3584 | D:3      | Reached skill level 5 in Unarmed Combat
  3711 | D:3      | Noticed a human
  3712 | D:3      | Found a runed door.
  3733 | D:3      | Found a basalt altar of Yredelemnul.
  3963 | D:3      | Noticed a scorpion
  3976 | D:3      | Killed a scorpion
  3976 | D:3      | Reached XP level 5. HP: 24/42 MP: 5/5
  4178 | D:4      | Reached skill level 4 in Fighting
  4370 | D:4      | Noticed Robin
  4839 | D:4      | Killed Robin
  5346 | D:4      | Reached XP level 6. HP: 44/50 MP: 6/6
  5540 | D:4      | Reached skill level 5 in Fighting
  5748 | D:4      | Noticed an ogre
  6207 | D:2      | Killed a human
  6207 | D:2      | Reached skill level 3 in Dodging
  6410 | D:5      | Entered Level 5 of the Dungeon
  6992 | D:5      | Reached skill level 4 in Dodging
  6992 | D:5      | Reached XP level 7. HP: 28/56 MP: 7/7
  8373 | D:5      | Noticed Pikel
  9149 | D:4      | Killed an ogre
 10116 | D:5      | Reached skill level 6 in Unarmed Combat
 10558 | D:5      | Reached XP level 8. HP: 46/62 MP: 8/8
 11218 | D:6      | Found Huoruvog's Assorted Antiques.
 11549 | D:6      | Bought a scroll labeled KAKORR ERUUQO for 24 gold pieces
 11549 | D:6      | Bought a scroll labeled RESER HOSY for 24 gold pieces
 11649 | D:6      | Reached skill level 7 in Unarmed Combat
 11801 | D:2      | Killed Pikel
 11801 | D:2      | Reached skill level 8 in Unarmed Combat
 12052 | D:3      | Killed Grinder
 12232 | D:5      | Reached skill level 6 in Fighting
 12294 | D:6      | Reached XP level 9. HP: 69/69 MP: 9/9
 12752 | D:6      | Found a staircase to the Ecumenical Temple.
 12838 | D:6      | Reached skill level 5 in Dodging
 14487 | D:8      | Reached skill level 7 in Fighting
 15132 | D:8      | Reached skill level 8 in Fighting
 15574 | D:7      | Reached skill level 6 in Dodging
 17527 | D:8      | HP: 1/74 [orc warrior/scimitar of slicing (20)]
 17527 | D:8      | Slain by an orc warrior

Vanquished Creatures
  Pikel (D:2)
  Grinder (D:3)
  A human (D:2)
  2 hippogriffs
  A water moccasin (D:8)
  An orc warrior (D:3)
  4 slaves
  An ice beast (D:3)
  A phantom (D:5)
  2 ogres
  A sky beast (D:6)
  3 centaurs
  A big kobold (D:6)
  2 giant frogs
  A water moccasin zombie (D:8)
  A scorpion (D:3)
  8 killer bees
  A centaur zombie (D:7)
  2 crimson imps (D:6)
  2 giant frog skeletons
  2 jellies
  3 hounds
  2 iguanas
  3 orc wizards
  4 worker ants
  Robin (D:4)
  13 adders
  2 shadow imps
  5 oozes
  5 worms
  An adder skeleton (D:5)
  An adder zombie (D:7)
  A giant gecko (D:6)
  30 orcs
  3 ball pythons
  21 goblins
  11 hobgoblins
  8 jackals
  18 kobolds
  4 quokkas
  6 bats
  4 giant cockroaches
  4 giant newts
  2 goblin skeletons (D:3)
  A jackal skeleton (D:7)
  2 quokka skeletons (D:4)
  6 rats
200 creatures vanquished.
